 Dungeon Crawl Stone Soup version 0.28.0-47-ge53b351184 (webtiles) character file.

Game seed: 15776465808408683679

35 bobregger the Skirmisher (level 3, -1/58 HPs)
             Began as an Ogre Berserker on May 4, 2022.
             Was a Believer of Trog.
             Slain by Robin
             ... wielding a +0 short sword
              (2 damage)
             ... on level 2 of the Dungeon.
             The game lasted 00:02:23 (1872 turns).

bobregger the Skirmisher (Ogre Berserker)           Turns: 1872, Time: 00:02:23

Health: -1/58      AC:  3    Str: 21    XL:     3   Next: 33%
Magic:  3/3        EV: 10    Int:  8    God:    Trog [**....]
Gold:   30         SH:  0    Dex: 10    Spells: 2/2 levels left

rFire   . . .      SeeInvis .   a - +0 mace
rCold   . . .      Faith    .   (no shield)
rNeg    . . .      Spirit   .   b - +0 animal skin
rPois   .          Reflect  .   (helmet restricted)
rElec   .          Harm     .   (no cloak)
rCorr   .          Rampage  .   (gloves unavailable)
Will    .....                   (boots unavailable)
Stlth   ..........              (no amulet)
HPRegen 0.19/turn               (no ring)
MPRegen 0.08/turn               (no ring)

@: berserking, very quick
A: large, unfitting armour, tough skin 1
a: Renounce Religion, Berserk, Trog's Hand


You were on level 2 of the Dungeon.
You worshipped Trog.
Trog was pleased with you.
You visited 1 branch of the dungeon, and saw 2 of its levels.

You collected 30 gold pieces.

Inventory:

Hand Weapons
 a - a +0 mace (weapon)
Armour
 b - a +0 animal skin (worn)
Scrolls
 g - 3 scrolls of fear {unknown}
Potions
 c - a potion of ambrosia {unknown}
 d - a potion of brilliance {unknown}
 e - 2 potions of lignification {unknown}
 f - a potion of haste {unknown}


   Skills:
 - Level 4.0 Fighting
 + Level 3.9 Maces & Flails
 - Level 2.6 Dodging


You had 2 spell levels left.
You didn't know any spells.
Your spell library was empty.

Dungeon Overview and Level Annotations

Branches:
Dungeon (2/15)

Altars:

Annotations:
D:2 Robin


Innate Abilities, Weirdness & Mutations

You are too large for most types of armour.
You have tough skin. (AC +1)


Message History

Trog accepts your kill. The goblin hits you with a +0 dagger.
The goblin hits you but does no damage.
Items here: ( )))) †.
The goblin hits you with a +0 dagger.
You miss the goblin. The goblin hits you with a +0 dagger.
You sock the goblin!
You kill the goblin!
Trog accepts your kill.
The hobgoblin no longer looks unusually strong.
Robin throws the goblin at you! The goblin closely misses you.
The goblin barely misses you.
You barely miss the goblin. The goblin hits you with a +0 dagger.
You hit the goblin.
You kill the goblin!
Trog accepts your kill.
You can now call upon Trog for regeneration and willpower.
The ball python bites you.
You sock the ball python!
You kill the ball python!
Trog accepts your kill.
You barely miss Robin. Robin barely misses you.
You hit the hobgoblin but do no damage. The hobgoblin hits you.
Robin roars a battlecry!
The hobgoblin goes into a battle-frenzy!
A red film seems to cover your vision as you go berserk!
You feel yourself moving faster!
You feel mighty! The hobgoblin hits you. Robin hits you with a +0 short sword.
* * * LOW HITPOINT WARNING * * *
You barely miss Robin. The hobgoblin hits you.
* * * LOW HITPOINT WARNING * * *
Robin hits you with a +0 short sword.
* * * LOW HITPOINT WARNING * * *
You barely miss Robin. The hobgoblin hits you.
* * * LOW HITPOINT WARNING * * *
You closely miss Robin. Robin hits you with a +0 short sword.
* * * LOW HITPOINT WARNING * * *
The hobgoblin completely misses you.
You hit the hobgoblin but do no damage. Robin hits you with a +0 short sword.
You die...

####.#.#.# #......
#.....#.# ###....
#.....#.# #####
#.....#.# # ####....# #
#..#### # .. #.## #
....######.# ###########
......g@##.# #.........#
.....##g##.###.........#
... #....†.).........# .
########.........#
#.........# #.........#
#.........# ###########


You could see Robin and a hobgoblin (strong).

Vanquished Creatures
  5 endoplasms (D:1)
  A giant cockroach (D:1)
  10 goblins (D:2)
  A hobgoblin (D:1)
  3 jackals (D:1)
  A quokka (D:1)
  4 ball pythons
  2 bats (D:1)
  A frilled lizard (D:2)
  A kobold (D:1)
  A rat (D:1)
30 creatures vanquished.

Notes
Turn   | Place    | Note
-------+----------+-------------------------------------------
     0 | D:1      | bobregger the Ogre Berserker began the quest for the Orb.
     0 | D:1      | Reached XP level 1. HP: 24/24 MP: 1/1
   596 | D:1      | Reached XP level 2. HP: 9/32 MP: 2/2
   851 | D:1      | Found a faded altar of an unknown god.
  1832 | D:2      | Reached XP level 3. HP: 37/39 MP: 3/3
  1848 | D:2      | Noticed Robin
  1864 | D:2      | Reached ** piety under Trog
  1871 | D:2      | HP: 1/58 [Robin/+0 short sword (4)]
  1872 | D:2      | Slain by Robin

Illustrated notes

Levels and vault maps discovered:
D:1:      nicolae_arrival_washed_ashore, layout_loops_ring,
          ebering_ecumenical_altar_sacrificial, serial_bayou_pond_d
D:2:      layout_rooms, serial_shops, shop, feat_on_display, uniq_robin

Skill      XL: |  1 |
---------------+----+-----
Maces & Flails | 3 |  3.9
Fighting       | |  4.0
Dodging        | |  2.6

Action                   || total
-------------------------++-------
Melee: Mace              ||   102
       Punch             ||     1
Invok: Berserk           ||     1
Armor: Animal skin       ||    40
Dodge: Dodged            ||    84
